AoeStats
← СерыйСерый

Golden Pit

509343071Analyzed
1v1 RM · 6d ago on Sep 26, 2026· 107m 13s· 2 players
Game mode
Random Map
Map size
Tiny (2 player)
Population
200
Speed
Normal
Resources
Standard
Victory
Conquest
Starting age
Dark Age
Ending age
Imperial Age
RankedLock teamsTeams togetherTeam positionsShared explorationLock speedFull tech treeHidden civsTurbo modeCheats
Victory
Defeat
🇷🇺 Slavs · Russia
415
+16
🇫🇷 Franks · France
405
-16
R-mat
12:00 Feudal Age
12:26 Double-Bit Axe
13:49 Wheelbarrow
14:14 Gold Mining
16:50 Stone Mining
24:39 Castle Age
22:37 Arson
22:55 Scale Mail Armor
23:50 Scale Barding Armor
26:10 Bow Saw
26:38 Gold Shaft Mining
27:24 Husbandry
30:42 Chain Barding Armor
35:55 Chain Mail Armor
36:37 Ordonnance Companies
43:01 Hand Cart
46:54 Forging
52:51 Imperial Age
52:47 Iron Casting
54:13 Hoardings
54:50 Conscription
55:16 Loom
55:17 Town Watch
55:46 Cavalier
59:20 Elite Throwing Axeman
62:02 Paladin
76:40 Capped Ram
80:48 Chivalry
СерыйСерый
11:23 Feudal Age
12:41 Wheelbarrow
11:52 Loom
11:54 Horse Collar
13:43 Double-Bit Axe
24:13 Castle Age
23:45 Stone Mining
26:14 Husbandry
25:35 Light Cavalry
26:33 Hand Cart
33:22 Murder Holes
34:48 Squires
45:08 Pikeman
47:49 Fletching
48:10 Forging
48:06 Scale Barding Armor
48:25 Ballistics
51:39 Bow Saw
56:07 Imperial Age
54:55 Masonry
54:53 Heavy Plow
55:08 Herbal Medicine
56:08 Bloodlines
57:15 Capped Ram
59:13 Conscription
59:39 Detinets
63:20 Elite Boyar
65:04 Hoardings
64:58 Siege Ram
65:32 Hussar
70:07 Druzhina
77:30 Halberdier
77:31 Man-at-Arms
80:07 Siege Engineers
81:03 Chemistry
80:14 Fortified Wall
89:33 Crop Rotation
90:09 Two-Man Saw
93:19 Bodkin Arrow
94:03 Iron Casting
93:49 Chain Barding Armor
93:27 Guard Tower
Connection lost

Rejoining the realm…

Still unreachable

The connection could not be restored.

Session expired

The server has moved on; the page needs a fresh start.